TOP OF THE 1ST |
San Francisco Bandits batting - Pitching for Baffin Island Beavers : LHP Marcos Benítez
|
Pitching: LHP Marcos Benítez
|
|
Batting: RHB Pete Rideout
|
0-0: Called Strike 0-1: Ground out 6-3 (Groundball, 6)
|
Batting: LHB Jerry Bryan
|
0-0: Ball 1-0: Ball 2-0: Called Strike 2-1: Fly out, F7 (Flyball, 7S)
|
Batting: RHB Michael Elliott
|
0-0: Ball 1-0: Swinging Strike 1-1: Ball 2-1: Called Strike 2-2: Ball 3-2: Ground out 6-3 (Groundball, 6)
|
Top of the 1st over - 0 run(s), 0 hit(s), 0 error(s), 0 left on base; San Francisco 0 - Baffin Island 0 |
BOTTOM OF THE 1ST |
Baffin Island Beavers batting - Pitching for San Francisco Bandits : RHP Álex Rodríguez
|
Pitching: RHP Álex Rodríguez
|
|
Batting: LHB Mario García
|
0-0: Ball 1-0: Fly out, F7 (Flyball, 78D)
|
Batting: RHB Mario López
|
0-0: Called Strike 0-1: Ball 1-1: Ball 2-1: Swinging Strike 2-2: Fly out, F8 (Flyball, 8LXD)
|
Batting: LHB Lorenzo Villa
|
0-0: Ball 1-0: SINGLE (Popup, 23)
|
Batting: RHB Tony Morton
|
0-0: Called Strike 0-1: Ball 1-1: Ground out 4-3 (Groundball, 4)
|
Bottom of the 1st over - 0 run(s), 1 hit(s), 0 error(s), 1 left on base; San Francisco 0 - Baffin Island 0 |
TOP OF THE 2ND |
San Francisco Bandits batting - Pitching for Baffin Island Beavers : LHP Marcos Benítez
|
Batting: RHB Cory Foster
|
0-0: Ball 1-0: Ball 2-0: Ground out 5-3 (Groundball, 5S)
|
Batting: RHB Javier Ramírez
|
0-0: Foul Ball, location: 2F 0-1: Ball Error on foul ball, E2 1-2: Fly out, F7 (Flyball, 78M)
|
Batting: RHB Emílio Bruno
|
0-0: Fly out, F8 (Flyball, 8LS)
|
Top of the 2nd over - 0 run(s), 0 hit(s), 1 error(s), 0 left on base; San Francisco 0 - Baffin Island 0 |
BOTTOM OF THE 2ND |
Baffin Island Beavers batting - Pitching for San Francisco Bandits : RHP Álex Rodríguez
|
Batting: LHB Jeff Cole
|
0-0: Called Strike 0-1: Ball 1-1: Fly out, F8 (Flyball, 78M)
|
Batting: RHB Dave Craig
|
0-0: Foul Ball, location: 2F 0-1: SINGLE (Groundball, 6M)
|
Batting: LHB Javier Orozco
|
0-0: Ball 1-0: Foul Ball, location: 2F 1-1: Ball 2-1: Ball Wild Pitch! Dave Craig to second 3-1: Swinging Strike 3-2: SINGLE (Line Drive, 89S) Dave Craig to third Runner from 3rd tries for Home, SAFE, no throw or cutoff
|
Batting: LHB Keng-chi Lao
|
0-0: Grounds into double play, U4-3 (Groundball, 4)
|
Bottom of the 2nd over - 1 run(s), 2 hit(s), 0 error(s), 0 left on base; San Francisco 0 - Baffin Island 1 |
TOP OF THE 3RD |
San Francisco Bandits batting - Pitching for Baffin Island Beavers : LHP Marcos Benítez
|
Batting: RHB Sadao Kato
|
0-0: Ball 1-0: Foul Ball, location: 2F 1-1: SINGLE (Line Drive, 34)
|
Batting: RHB Bob Orr
|
0-0: Called Strike 0-1: Swinging Strike 0-2: Ball 1-2: Ball 2-2: Ball 3-2: Strikes out swinging
|
Batting: RHB Wilfred Martin
|
0-0: Ball 1-0: Called Strike 1-1: Called Strike 1-2: Ball 2-2: DOUBLE (Line Drive, 5D) Sadao Kato to third
|
Batting: RHB Pete Rideout
|
0-0: Ball 1-0: Ball Wild Pitch! Sadao Kato scores Wilfred Martin to third 2-0: Swinging Strike 2-1: Fly out, F9 (Flyball, 89S)
|
Batting: LHB Jerry Bryan
|
0-0: Called Strike 0-1: Ball 1-1: Called Strike 1-2: Ball 2-2: Foul Ball, location: 2F 2-2: Ground out U3 (Groundball, 3S)
|
Top of the 3rd over - 1 run(s), 2 hit(s), 0 error(s), 1 left on base; San Francisco 1 - Baffin Island 1 |
BOTTOM OF THE 3RD |
Baffin Island Beavers batting - Pitching for San Francisco Bandits : RHP Álex Rodríguez
|
Batting: LHB Mike MacFadden
|
0-0: Ball 1-0: Foul Ball, location: 2F 1-1: Swinging Strike 1-2: Foul Ball, location: 2F 1-2: Strikes out looking
|
Batting: LHB Mario García
|
0-0: Ball 1-0: Called Strike 1-1: Ball 2-1: Ball 3-1: Foul Ball, location: 2F 3-2: Base on Balls
|
Batting: RHB Mario López
|
0-0: Ball 1-0: SINGLE (Groundball, 6MD) Mario García to second Mario García to third
|
Batting: LHB Lorenzo Villa
|
0-0: Called Strike 0-1: SINGLE (Groundball, 6MD) Mario García scores Mario López to second
|
Batting: RHB Tony Morton
|
0-0: Ball 1-0: Ball 2-0: Grounds into double play, 6-4-3 (Groundball, 6M)
|
Bottom of the 3rd over - 1 run(s), 2 hit(s), 0 error(s), 1 left on base; San Francisco 1 - Baffin Island 2 |
TOP OF THE 4TH |
San Francisco Bandits batting - Pitching for Baffin Island Beavers : LHP Marcos Benítez
|
Batting: RHB Michael Elliott
|
0-0: Ball 1-0: Fly out, F4 (Popup, 4MD)
|
Batting: RHB Cory Foster
|
0-0: Fly out, F8 (Flyball, 8RD)
|
Batting: RHB Javier Ramírez
|
0-0: Called Strike 0-1: Ball 1-1: Ball 2-1: Foul Ball, location: 2F 2-2: Foul Ball, location: 2F 2-2: Ball 3-2: Foul Ball, location: 2F 3-2: Foul Ball, location: 2F 3-2: Ground out 6-3 (Groundball, 6)
|
Top of the 4th over - 0 run(s), 0 hit(s), 0 error(s), 0 left on base; San Francisco 1 - Baffin Island 2 |
BOTTOM OF THE 4TH |
Baffin Island Beavers batting - Pitching for San Francisco Bandits : RHP Álex Rodríguez
|
Batting: LHB Jeff Cole
|
0-0: Called Strike 0-1: Ball 1-1: Foul Ball, location: 2F 1-2: Ball 2-2: Foul Ball, location: 2F 2-2: Foul Ball, location: 2F 2-2: Foul Ball, location: 2F 2-2: Foul Ball, location: 2F 2-2: Foul Ball, location: 2F 2-2: Foul Ball, location: 2F 2-2: Foul Ball, location: 2F 2-2: Ball 3-2: Foul Ball, location: 2F 3-2: SINGLE (Flyball, 9S)
|
Batting: RHB Dave Craig
|
0-0: Ball 1-0: Ground out 1-3 (Groundball, 13) Jeff Cole to second
|
Batting: LHB Javier Orozco
|
0-0: Ball 1-0: SINGLE (Groundball, 6M) Jeff Cole to third
|
Batting: LHB Keng-chi Lao
|
0-0: Called Strike 0-1: Ball 1-1: Ball Javier Orozco is caught stealing 2nd base 2-1: Ball 3-1: Fly out, F7 (Flyball, 7M)
|
Bottom of the 4th over - 0 run(s), 2 hit(s), 0 error(s), 1 left on base; San Francisco 1 - Baffin Island 2 |
TOP OF THE 5TH |
San Francisco Bandits batting - Pitching for Baffin Island Beavers : LHP Marcos Benítez
|
Batting: RHB Emílio Bruno
|
0-0: Ground out 5-3 (Groundball, 6)
|
Batting: RHB Sadao Kato
|
0-0: Ground out 6-3 (Groundball, 6)
|
Batting: RHB Bob Orr
|
0-0: Foul Ball, location: 2F 0-1: Ball 1-1: Ball 2-1: Bunt missed! 2-2: Foul Ball, location: 2F 2-2: Ball 3-2: Strikes out swinging
|
Top of the 5th over - 0 run(s), 0 hit(s), 0 error(s), 0 left on base; San Francisco 1 - Baffin Island 2 |
BOTTOM OF THE 5TH |
Baffin Island Beavers batting - Pitching for San Francisco Bandits : RHP Álex Rodríguez
|
Batting: LHB Mike MacFadden
|
0-0: Called Strike 0-1: Foul Ball, location: 2F 0-2: Foul Ball, location: 2F 0-2: Ground out 6-3 (Groundball, 6M)
|
Batting: LHB Mario García
|
0-0: Ground out 4-3 (Groundball, 4)
|
Batting: RHB Mario López
|
0-0: Ball 1-0: Foul Ball, location: 2F 1-1: Fly out, F7 (Line Drive, 7M)
|
Bottom of the 5th over - 0 run(s), 0 hit(s), 0 error(s), 0 left on base; San Francisco 1 - Baffin Island 2 |
TOP OF THE 6TH |
San Francisco Bandits batting - Pitching for Baffin Island Beavers : LHP Marcos Benítez
|
Batting: RHB Wilfred Martin
|
0-0: Ball 1-0: Ground out 5-3 (Groundball, 56)
|
Batting: RHB Pete Rideout
|
0-0: DOUBLE (Line Drive, 7D)
|
Batting: LHB Jerry Bryan
|
0-0: Called Strike 0-1: Ball 1-1: Ball 2-1: Ball 3-1: Swinging Strike 3-2: Ground out 4-3 (Groundball, 4) Pete Rideout to third
|
Batting: RHB Michael Elliott
|
0-0: Ball 1-0: Ball 2-0: Ball 3-0: Called Strike 3-1: Base on Balls
|
Batting: RHB Cory Foster
|
0-0: Fly out, F8 (Flyball, 8LS)
|
Top of the 6th over - 0 run(s), 1 hit(s), 0 error(s), 2 left on base; San Francisco 1 - Baffin Island 2 |
BOTTOM OF THE 6TH |
Baffin Island Beavers batting - Pitching for San Francisco Bandits : RHP Álex Rodríguez
|
Batting: LHB Lorenzo Villa
|
0-0: SINGLE (Line Drive, 6D)
|
Batting: RHB Tony Morton
|
0-0: Ball 1-0: Swinging Strike 1-1: Foul Ball, location: 2F 1-2: Foul Ball, location: 2F 1-2: Grounds into double play, 6-4-3 (Groundball, 6)
|
Batting: LHB Jeff Cole
|
0-0: Foul Ball, location: 2F 0-1: Foul Ball, location: 2F 0-2: Ball 1-2: Ball 2-2: SINGLE (Line Drive, 78S)
|
Batting: RHB Dave Craig
|
0-0: Called Strike 0-1: Ball 1-1: Ball 2-1: Foul Ball, location: 2F 2-2: Ground out 1-3 (Groundball, 13S)
|
Bottom of the 6th over - 0 run(s), 2 hit(s), 0 error(s), 1 left on base; San Francisco 1 - Baffin Island 2 |
TOP OF THE 7TH |
San Francisco Bandits batting - Pitching for Baffin Island Beavers : LHP Marcos Benítez
|
Batting: RHB Javier Ramírez
|
0-0: Foul Ball, location: 2F 0-1: Called Strike 0-2: Foul Ball, location: 2F 0-2: Ball 1-2: Ground out 1-3 (Groundball, 15)
|
Batting: RHB Emílio Bruno
|
0-0: Ball 1-0: Ground out 5-3 (Groundball, 56S)
|
Batting: RHB Sadao Kato
|
0-0: Ball 1-0: Called Strike 1-1: SINGLE (Popup, 6D)
|
Pinch Hitting: RHB Dale Taylor
|
0-0: Ball 1-0: Called Strike 1-1: Ground out 5-3 (Groundball, 5)
|
Top of the 7th over - 0 run(s), 1 hit(s), 0 error(s), 1 left on base; San Francisco 1 - Baffin Island 2 |
BOTTOM OF THE 7TH |
Baffin Island Beavers batting - Pitching for San Francisco Bandits : RHP Álex Rodríguez
|
Pitching: RHP Mal Park
|
|
Now at 3B: Jorge Díaz
|
|
Batting: LHB Javier Orozco
|
0-0: Called Strike 0-1: Ball 1-1: Ball 2-1: Swinging Strike 2-2: Foul Ball, location: 2F 2-2: Strikes out looking
|
Batting: LHB Keng-chi Lao
|
0-0: Called Strike 0-1: Ball 1-1: Foul Ball, location: 2F 1-2: Foul Ball, location: 2F 1-2: Ball 2-2: SINGLE (Groundball, 56D)
|
Batting: LHB Mike MacFadden
|
0-0: Ball Keng-chi Lao steals 2nd base 1-0: Foul Ball, location: 2F 1-1: Fly out, F4 (Line Drive, 4M) 1-1: Lined into DP, U4 (Line Drive, 4M)
|
Bottom of the 7th over - 0 run(s), 1 hit(s), 0 error(s), 0 left on base; San Francisco 1 - Baffin Island 2 |
TOP OF THE 8TH |
San Francisco Bandits batting - Pitching for Baffin Island Beavers : LHP Marcos Benítez
|
Batting: RHB Wilfred Martin
|
0-0: Foul Ball, location: 2F 0-1: Foul Ball, location: 2F 0-2: Ball 1-2: Ball 2-2: Foul Ball, location: 2F 2-2: Strikes out swinging
|
Batting: RHB Pete Rideout
|
0-0: SINGLE (Flyball, 78S)
|
Pitching: LHP Manuel Parra
|
|
Batting: LHB Jerry Bryan
|
0-0: Foul Ball, location: 2F 0-1: Fly out, F7 (Flyball, 7M)
|
Pitching: RHP António Ramos
|
|
Batting: RHB Michael Elliott
|
0-0: Ball 1-0: Ball 2-0: Foul Ball, location: 2F 2-1: Foul Ball, location: 2F 2-2: Ball 3-2: Strikes out looking
|
Top of the 8th over - 0 run(s), 1 hit(s), 0 error(s), 1 left on base; San Francisco 1 - Baffin Island 2 |
BOTTOM OF THE 8TH |
Baffin Island Beavers batting - Pitching for San Francisco Bandits : RHP Mal Park
|
Batting: LHB Mario García
|
0-0: Ball 1-0: Ball 2-0: SINGLE (Line Drive, 9S)
|
Batting: RHB Mario López
|
0-0: Ball 1-0: Ball 2-0: Ball 3-0: Base on Balls Mario García to second
|
Batting: LHB Lorenzo Villa
|
0-0: Ball 1-0: Ball 2-0: Foul Ball, location: 2F 2-1: Ball 3-1: Base on Balls Mario García to third Mario López to second
|
Batting: RHB Tony Morton
|
0-0: Called Strike 0-1: Ball 1-1: Fly out, F4 (Line Drive, 4M)
|
Batting: LHB Jeff Cole
|
0-0: Foul Ball, location: 2F 0-1: Ball 1-1: Foul Ball, location: 2F 1-2: Ball 2-2: Foul Ball, location: 2F 2-2: Foul Ball, location: 2F 2-2: Foul Ball, location: 2F 2-2: Ball 3-2: Foul Ball, location: 2F 3-2: Foul Ball, location: 2F 3-2: Foul Ball, location: 2F 3-2: Fly out, F8 (Popup, 8RS)
|
Batting: RHB Dave Craig
|
0-0: Called Strike 0-1: Ball 1-1: Ball 2-1: Foul Ball, location: 2F 2-2: Foul Ball, location: 2F 2-2: Ball 3-2: SINGLE (Groundball, 56) Mario García scores Mario López to third Lorenzo Villa to second Mario López scores Lorenzo Villa to third
|
Pitching: RHP Carlos Ruíz
|
|
Batting: LHB Javier Orozco
|
0-0: Called Strike 0-1: Ball 1-1: Ground out 4-3 (Groundball, 34)
|
Bottom of the 8th over - 2 run(s), 2 hit(s), 0 error(s), 2 left on base; San Francisco 1 - Baffin Island 4 |
TOP OF THE 9TH |
San Francisco Bandits batting - Pitching for Baffin Island Beavers : RHP António Ramos
|
Pitching: LHP Edgardo Guzmán
|
|
Batting: RHB Cory Foster
|
0-0: Ball 1-0: Ball 2-0: Called Strike 2-1: Ball 3-1: Base on Balls
|
Batting: RHB Javier Ramírez
|
0-0: Foul Ball, location: 2F 0-1: Ball 1-1: Called Strike 1-2: Foul Ball, location: 2F 1-2: SINGLE (Line Drive, 4MD) Cory Foster to second
|
Batting: RHB Emílio Bruno
|
0-0: Swinging Strike 0-1: Grounds into double play, 4-6-3 (Groundball, 4) Cory Foster to third
|
Batting: RHB Sadao Kato
|
0-0: Ball 1-0: Ground out 5-3 (Groundball, 56)
|
Top of the 9th over - 0 run(s), 1 hit(s), 0 error(s), 1 left on base; San Francisco 1 - Baffin Island 4 |
|